 Dungeon Crawl Stone Soup version 0.20.1-1-g8b1a95d (webtiles) character file.

118 dohliylev the Sneak (level 4, -12/30 HPs)
             Began as a Vampire Enchanter on July 15, 2017.
             Mangled by an orc warrior
             ... wielding a +0 glaive
              (13 damage)
             ... on level 3 of the Dungeon.
             The game lasted 00:07:02 (2654 turns).

dohliylev the Sneak (Vampire Enchanter)             Turns: 2654, Time: 00:07:03

Health: -12/30     AC:  9    Str:  7    XL:     4   Next: 72%
Magic:  3/7        EV: 12    Int: 18    God:
Gold:   110        SH:  0    Dex: 14    Spells: 4/7 levels left

rFire    . . .     SeeInvis +   a - +1 dagger (protect)
rCold    + . .     Gourm    .   (no shield)
rNeg     + + .     Faith    .   j - +0 robe
rPois    +         Spirit   .   (no helmet)
rElec    .         Reflect  .   (no cloak)
rCorr    .         Harm     .   (no gloves)
MR       .....                  (no boots)
Stlth    +++++.....             (no amulet)
Regen    0.1/turn               (no ring)
MPRegen  0.1/turn               (no ring)

@: protection aura, regenerating slowly
A: fangs 3, see invisible, unbreathing
a: Bat Form


You were on level 3 of the Dungeon.
You were thirsty.

You visited 1 branch of the dungeon, and saw 3 of its levels.

You collected 110 gold pieces.

Inventory:

Hand Weapons
 a - a +1 dagger of protection (weapon)
 q - a +2 dagger of speed
Armour
 j - a +0 robe (worn)
 m - a +0 buckler
Wands
 r - a wand of acid (6/15)
Scrolls
 e - a scroll of teleportation {unknown}
 g - 6 scrolls of identify {unknown}
 n - a scroll of immolation {unknown}
 o - 2 scrolls of noise {unknown}
 s - a scroll of blinking {unknown}
Potions
 b - a potion of agility {unknown}
 d - 7 potions of blood
 f - 2 potions of lignification {unknown}
 h - a potion of curing {unknown}
 i - a potion of haste {unknown}
 k - 2 potions of degeneration {unknown}
 l - a potion of berserk rage {unknown}
 p - a potion of heal wounds {unknown}
Books
 c - a book of Maledictions

   Spells                             Type                      Level
   a - Corona                         Hexes                        1
   b - Ensorcelled Hibernation        Hexes/Ice                    2
   c - Confuse                        Hexes                        3
   d - Tukima's Dance                 Hexes                        3
   e - Dazzling Spray                 Conjuration/Hexes            3


   Skills:
 + Level 2.0 Short Blades
 - Level 2.1 Dodging
 + Level 7.9 Stealth
 - Level 2.0 Spellcasting
 - Level 4.4 Hexes
 + Level 0.8 Ice Magic


You had 4 spell levels left.
You knew the following spells:

 Your Spells              Type           Power        Failure   Level  Hunger
a - Corona                Hex            ###....      3%          1    #......
b - Ensorcelled Hibernat  Hex/Ice        ##....       10%         2    ###....


Dungeon Overview and Level Annotations

Branches:
Dungeon (3/15)

Altars:


Innate Abilities, Weirdness & Mutations

You heal slowly.
You have razor-sharp teeth.
You have supernaturally acute eyesight. (SInv)
You can survive without breathing.


Message History

The orc wizard mumbles some strange words.
The orc wizard flickers and vanishes for a moment.
The helpless orc warrior fails to defend itself.
You bite the orc warrior, and draw its blood!
You feel slightly less thirsty.
You impale the orc warrior!!
Your weapon exudes an aura of protection.
The orc warrior is almost dead.
Casting: Ensorcelled Hibernation
Confirm with . or Enter, or press ? or * to list all spells.
Aiming: Ensorcelled Hibernation
Press: ? - help, Shift-Dir - straight line, f - orc wizard, p - orc warrior
Aim: an orc wizard, wielding a dagger and wearing a robe (slightly transparent, chance to defeat MR: 42%)
The orc wizard resists with some effort.
The orc warrior hits you with a glaive!!
Ouch! That really hurt!
* * * LOW HITPOINT WARNING * * *
You hit the orc warrior but do no damage.
The orc warrior is almost dead.
The orc warrior hits you with a glaive!
You die...

##...#.....#.......
###.#####.............!.
...........>....†.....#.
##...#####..............#
#.....# #..............#
##.....# #..#.......<...
#......# #.###.........#
#......####. #....#.....
..#......... #o@#.......
.......#...#...oo.......
......<[................
.#.##....##.....##......
.......########. ......
##.....# #. ......
####..# #. .....
######.###### #. ....#
.....#......##


You could see an orc warrior, an orc wizard (invisible) and an orc.

Vanquished Creatures
  Ijyb (D:3)
  An adder (D:3)
  2 oozes (D:3)
  An adder zombie (D:3)
  3 worms
  3 dart slugs
  4 leopard geckos
  3 orcs (D:3)
  3 bats
  A giant cockroach (D:2)
  7 goblins
  7 hobgoblins
  7 kobolds
  2 quokkas
  2 frilled lizards
  A rat (D:2)
48 creatures vanquished.

Notes
Turn   | Place    | Note
-------+----------+-------------------------------------------
     0 | D:1      | dohliylev the Vampire Enchanter began the quest for the Orb.
     0 | D:1      | Reached XP level 1. HP: 13/13 MP: 3/3
    76 | D:1      | Reached skill level 5 in Stealth
   311 | D:1      | Reached XP level 2. HP: 6/19 MP: 3/5
   315 | D:1      | Learned a level 2 spell: Ensorcelled Hibernation
   943 | D:1      | Reached skill level 6 in Stealth
  1456 | D:2      | Reached XP level 3. HP: 24/24 MP: 6/6
  2259 | D:3      | Noticed Ijyb
  2262 | D:3      | Killed Ijyb
  2262 | D:3      | Reached skill level 7 in Stealth
  2262 | D:3      | Reached XP level 4. HP: 30/30 MP: 7/7
  2644 | D:3      | Noticed an orc warrior
  2653 | D:3      | HP: 1/30 [orc warrior/glaive (29)]
  2654 | D:3      | Mangled by an orc warrior

Skill      XL: |  1  2  3 |
---------------+----------+-----
Stealth        | 5 6 7 |  7.9
Short Blades   | 2 |  2.0
Dodging        | |  2.1
Spellcasting   | |  2.0
Hexes          | |  4.4
Ice Magic      | |  0.8

Action                   |  1- 3 |  4- 6 || total
-------------------------+-------+-------++-------
Melee: Dagger            |   113 |    21 ||   134
       Bite              |     7 |     2 ||     9
 Cast: Corona            |     6 |       ||     6
       Ensorcelled Hiber |    11 |     9 ||    20
  Use: Potion            |       |     2 ||     2
 Stab: Sleeping          |    20 |     6 ||    26
       Distracted        |     1 |       ||     1
  Eat: Corpse            |     3 |       ||     3
Armor: Robe              |    27 |     3 ||    30
Dodge: Dodged            |    70 |     6 ||    76
